 Dungeon Crawl Stone Soup version 0.32-a0-868-g153ae1a8d6 (webtiles) character file.

Game seed: 7099054082803135193

63 Xavori the Trooper (level 4, 0/30 (35) HPs)
             Began as a Djinni Chaos Knight on Mar 29, 2024.
             Was a Plaything of Xom.
             Slain by a sun demon (6 damage)
             ... summoned by Xom
             ... on level 1 of the Dungeon.
             The game lasted 00:01:59 (5201 turns).

Xavori the Trooper (Djinni Chaos Knight)            Turns: 5201, Time: 00:02:00

HP:   0/30 (35)     AC:  5    Str: 11    XL:     4   Next: 30%
Gold: 100           EV: 11    Int: 14    God:    Xom [*.....] SH:  0 Dex: 14

rFire   + + .        a - +0 falchion (chaos)
rCold   x . .        (no shield)
rNeg    . . .        b - +2 leather armour
rPois   ∞            (no helmet)
rElec   .            (no cloak)
rCorr   .            (no gloves)
SInv    .            (boots unavailable)
Will    .....        (no amulet)
Stlth   +            (no ring)
HPRegen 0.25/turn    (no ring)
MPRegen 0.00/turn

%: infuse magic (-1 HP)
@: flying, heavily drained
A: sickness immunity, fire resistance 2, cold vulnerability 1, float, innate
caster, HP casting, extra vitality 1, deterioration 1, screaming 2
a: Renounce Religion


You were on level 1 of the Dungeon.
You worshipped Xom.
You were a special plaything of Xom.
You visited 1 branch of the dungeon, and saw 2 of its levels.

You collected 100 gold pieces.

Inventory:

Hand Weapons
 a - a +0 falchion of chaos (weapon)
Armour
 b - a +2 leather armour (worn)
Jewellery
 n - the ring of Hieviwui {rN+ EV+5 SInv}
   (You found it on level 2 of the Dungeon)

   [ring of evasion]

   EV+5:      It affects your evasion (+5).
   rN+:       It protects you from negative energy.
   SInv:      It lets you see invisible.
Scrolls
 c - a scroll of butterflies
 d - a scroll of vulnerability {unknown}
 e - 2 scrolls of identify {unknown}
 f - a scroll of teleportation {unknown}
 j - a scroll of fear {unknown}
 k - a scroll of immolation {unknown}
 o - a scroll of torment {unknown}
Potions
 g - a potion of curing {unknown}
 h - a potion of heal wounds {unknown}
 i - a potion of lignification {unknown}
 l - a potion of haste {unknown}
 m - a potion of might {unknown}


   Skills:
 + Level 3.3 Fighting
 + Level 3.0 Long Blades
 + Level 1.6 Armour
 + Level 2.7 Dodging
 * Level 1.4 Spellcasting
 * Level 1.4 Conjurations
 * Level 1.4 Hexes
   Level 0.0 Charms
 * Level 1.4 Summonings
 * Level 1.4 Necromancy
 * Level 1.4 Translocations
   Level 0.0 Transmutations
 * Level 1.4 Fire Magic
 * Level 1.4 Ice Magic
 * Level 1.4 Air Magic
 * Level 1.4 Earth Magic
 * Level 1.4 Alchemy


You knew the following spells:

 Your Spells              Type           Power      Damage    Failure   Level
a - Freeze                Ice            16%        1d4       19%         1
Your spell library was empty.

Dungeon Overview and Level Annotations

Branches:
Dungeon (2/15)

Altars:
Qazlal

Annotations:
D:1 2 transporters


Innate Abilities, Weirdness & Mutations

You are immune to sickness and miasma.
You are immune to poison.
Your flesh is very heat resistant. (rF++)
You are vulnerable to cold. (rC-)
You float through the air rather than walking.
You learn spells naturally, not from books.
Your magical power is your life essence.
You have superior vitality. (+4 MHP)
Your body sometimes deteriorates upon taking damage.
You frequently scream uncontrollably at your foes.


Message History

Done waiting.
You start waiting.
You start waiting.
You start waiting.
You start waiting.
You start waiting.
You start waiting.
You are now a very special plaything of Xom.
You start waiting.
You start waiting.
You start waiting.
You start waiting.
You start waiting.
You start waiting.
You start waiting.
Done waiting.
You start waiting.
Done waiting.
You start waiting.
Done waiting.
You start waiting. "Let me alter your body."
Your body is suffused with distortional energy.
You feel yourself wasting away.
You feel a strong urge to scream.
You start waiting.
Done waiting.
You start waiting.
Done waiting.
You start waiting.
You hear Xom's maniacal laughter.
You are now a special plaything of Xom.
The ufetubus hits your dart slug zombie.
The ufetubus completely misses your dart slug zombie.
The sun demon hits you!!
Ouch! That really hurt!
* * * LOW HITPOINT WARNING * * *
Xom thinks this is hilarious!
A shower of butterflies erupts from you!
You are engulfed in flames.
You resist.
You die... "This toy is broken."

#.......♣♣.♣♣ #....#
#.......♣♣.P♣###....#
#.......♣...♣.......#
#.......♣♣.♣♣......##
#.......♣♣.♣♣......#
#..................#
########...........#
########...........##
#...@Z5:...........'.
#..b3..#...........##
#...4.b......######).
#.................'..
#.######.##########..
###.# #......# #..
#...# #......# #..
#.#.## #......# #..
##(#..##
#......#####..


You could see a sun demon (summoned, ally target), a chaos spawn (summoned), an
ufetubus (summoned) and a friendly dart slug zombie.

Vanquished Creatures
  An adder (D:2)
  3 dart slugs (D:1)
  2 ribbon worms (D:2)
  3 endoplasms
  5 giant cockroaches
  2 goblins (D:1)
  8 hobgoblins
  3 kobolds
  2 ball pythons (D:2)
  4 bats
  3 frilled lizards
  5 rats
41 creatures vanquished.

Notes
Turn   | Place    | Note
-------+----------+-------------------------------------------
     0 | D:1      | Xavori the Djinni Chaos Knight began the quest for the Orb.
     0 | D:1      | Reached XP level 1. HP: 20/20 MP: 0/0
   142 | D:1      | Reached XP level 2. HP: 24/25 MP: 0/0
   224 | D:1      | XOM: noise
   380 | D:1      | XOM: potion effect (might)
   384 | D:1      | Reached XP level 3. HP: 25/30 MP: 0/0
   384 | D:1      | Learned a level 1 spell: Freeze
   385 | D:1      | Reached skill level 1 in Spellcasting
   385 | D:1      | Reached skill level 1 in Conjurations
   385 | D:1      | Reached skill level 1 in Hexes
   385 | D:1      | Reached skill level 1 in Summonings
   385 | D:1      | Reached skill level 1 in Necromancy
   385 | D:1      | Reached skill level 1 in Translocations
   385 | D:1      | Reached skill level 1 in Fire Magic
   385 | D:1      | Reached skill level 1 in Ice Magic
   385 | D:1      | Reached skill level 1 in Air Magic
   385 | D:1      | Reached skill level 1 in Earth Magic
   385 | D:1      | Reached skill level 1 in Alchemy
   615 | D:1      | XOM: cloud trail
   632 | D:1      | XOM: noise
   813 | D:1      | XOM: noise
  1151 | D:2      | XOM: cloud trail
  1152 | D:2      | XOM: 3-stop teleportation journey
  1158 | D:2      | XOM: god gift: war axe {god gift}
  1266 | D:2      | XOM: 1-stop teleportation journey
  1274 | D:2      | XOM: 2-stop teleportation journey
  1347 | D:2      | Found a faded altar of an unknown god.
  1420 | D:2      | Reached XP level 4. HP: 35/35 MP: 0/0
  2116 | D:1      | XOM: noise
  2142 | D:1      | XOM: silly message
  2729 | D:1      | XOM: noise
  2797 | D:1      | XOM: summons 3 hostile demons
  3000 | D:2      | XOM: give mutation
  3000 | D:2      | Gained mutation: You occasionally shout uncontrollably at
                  | your foes. [Xom's mischief]
  3170 | D:2      | XOM: draining
  3220 | D:2      | Found a stormy altar of Qazlal.
  3229 | D:2      | Identified the ring of Hieviwui {rN+ EV+5 SInv}
  4990 | D:1      | XOM: give mutations
  4990 | D:1      | Gained mutation: Your body sometimes deteriorates upon
                  | taking damage. [Xom's mischief]
  4990 | D:1      | Gained mutation: You frequently scream uncontrollably at
                  | your foes. [Xom's mischief]
  5200 | D:1      | XOM: summons 3 hostile demons
  5201 | D:1      | Noticed a chaos spawn
  5201 | D:1      | Noticed a sun demon
  5201 | D:1      | XOM: butterfly on damage
  5201 | D:1      | Slain by a sun demon

Illustrated notes

Levels and vault maps discovered:
D:1:      spicycebolla_arrival_transporter_tutorial, layout_basic,
          serial_forest, infiniplex_forest_straight_2,
          infiniplex_forest_lined_4_way, infiniplex_forest_corner_2,
          infiniplex_forest_lined_3_way, infiniplex_forest_clump_large,
          infiniplex_forest_clump_tiny, infiniplex_forest_clump_curved,
          infiniplex_forest_straight_4
D:2:      layout_loops_ring, shapermc_ecumenical_altar_acropolis, basic_altar

Skill      XL: |  1  2  3 |
---------------+----------+-----
Spellcasting   | 1 |  1.4
Conjurations   | 1 |  1.4
Hexes          | 1 |  1.4
Summonings     | 1 |  1.4
Necromancy     | 1 |  1.4
Translocations | 1 |  1.4
Fire Magic     | 1 |  1.4
Ice Magic      | 1 |  1.4
Air Magic      | 1 |  1.4
Earth Magic    | 1 |  1.4
Alchemy        | 1 |  1.4
Long Blades    | 3 |  3.0
Fighting       | |  3.3
Armour         | |  1.6
Dodging        | |  2.7

Action                     |  1- 3 |  4- 6 || total
---------------------------+-------+-------++-------
  Melee: Falchion          |    98 |    22 ||   120
   Stab: Petrified         |     6 |       ||     6
         Sleeping          |     1 |     1 ||     2
         Confused          |     1 |       ||     1
         Petrifying        |     1 |       ||     1
 Armour: Leather armour    |    57 |    16 ||    73
  Dodge: Dodged            |    58 |    20 ||    78

Table legend: (Time is in decaauts)
 A = Elapsed time spent in this place.
 B = Non-inter-level travel time spent in this place.
 C = Inter-level travel time spent in this place.
 D = Time resting spent in this place.
 E = Time spent auto-exploring this place.
 F = Levels seen in this place.
 G = Mean time per level.
                   A        B        C        D        E       F      G
               +--------+--------+--------+--------+--------+-----+--------+
         Total |   5221 |   5136 |     85 |   3536 |   1300 |   2 | 2610.5 |
       Dungeon |   5221 |   5136 |     85 |   3536 |   1300 |   2 | 2610.5 |
               +--------+--------+--------+--------+--------+-----+--------+

Top non-repeatable levels by time:
     D:1: 4333 daAuts
     D:2: 888 daAuts
